 Dungeon Sprint DCSS version 0.28-a0-1387-g3a22ab9bdc (webtiles) character file.

Game seed: 2875884029858486650

896 greenreed the Frost Mage (level 8, -3/64 HPs)
             Began as a Gnoll Ice Elementalist on Jan 2, 2022.
             Was a Priest of Sif Muna.
             Killed from afar by an oklob plant (33 damage)
             ... with a splash of acid
             ... in the Dungeon (Sprint IV: "Fedhas' Mad Dash").
             The game lasted 00:09:10 (1269 turns).

greenreed the Frost Mage (Gnoll Ice Elementalist)   Turns: 1269, Time: 00:09:10

Health: -3/64      AC: 10    Str:  9    XL:     8   Next: 7%
Magic:  14/20      EV: 15    Int: 16    God:    Sif Muna [***...]
Gold:   143        SH:  0    Dex: 12    Spells: 12/23 levels left

rFire   . . .      SeeInvis .   k - +0 rapier
rCold   . . .      Faith    .   (no shield)
rNeg    . . .      Spirit   .   a - +0 robe
rPois   .          Reflect  .   (no helmet)
rElec   .          Harm     .   (no cloak)
rCorr   .          Rampage  .   (no gloves)
Will    .....      NoTele   +   (no boots)
Stlth   +++.......              i - amulet of invisibility {+Inv}
HPRegen 0.20/turn               (no ring)
MPRegen 0.17/turn               (no ring)

@: ice-armoured, freezing walls
A: fangs 1, strong nose, distributed training
a: Renounce Religion, Evoke Invisibility, Channel Magic, Forget Spell


You were in the Dungeon.
You worshipped Sif Muna.
Sif Muna was most pleased with you.
You visited 1 branch You collected 143 gold pieces.

Inventory:

Hand Weapons
 k - a +0 rapier (weapon)
Armour
 a - a +0 robe (worn)
Jewellery
 i - the amulet of invisibility (around neck) {+Inv}
   (You found it in the Dungeon)

   [amulet of nothing]

   +Inv:      It lets you turn invisible.
Scrolls
 g - a scroll of blinking
 h - a scroll of enchant weapon {unknown}
Potions
 b - a potion of curing
 c - a potion of heal wounds
 d - a potion of haste
 e - 2 potions of magic
 f - a potion of berserk rage
 j - a potion of might {unknown}


   Skills:
 + Level 6.1 Fighting
 + Level 6.1 Short Blades
 + Level 6.1 Long Blades
 + Level 6.1 Axes
 + Level 6.1 Maces & Flails
 + Level 6.1 Polearms
 + Level 6.1 Staves
 + Level 6.1 Slings
 + Level 6.1 Bows
 + Level 6.1 Crossbows
 + Level 6.1 Throwing
 + Level 6.1 Armour
 + Level 7.7 Dodging
 + Level 7.5 Stealth
 + Level 6.1 Shields
 + Level 6.1 Unarmed Combat
 + Level 8.0 Spellcasting
 + Level 5.0 Conjurations
 + Level 5.0 Hexes
 + Level 5.0 Summonings
 + Level 5.0 Necromancy
 + Level 5.0 Translocations
 + Level 5.0 Transmutations
 + Level 5.0 Fire Magic
 + Level 8.8 Ice Magic
 + Level 5.0 Air Magic
 + Level 5.0 Earth Magic
 + Level 5.0 Poison Magic
 + Level 6.7 Invocations
 + Level 6.1 Evocations


You had 12 spell levels left.
You knew the following spells:

 Your Spells              Type           Power      Damage    Failure   Level
a - Freeze                Ice            100%       1d11      1%          1
b - Frozen Ramparts       Ice            68%        1d8       1%          3
c - Ozocubu's Armour      Ice            34%        N/A       1%          3
d - Hailstorm             Conj/Ice       28%        3d8       6%          4

Your spell library contained the following spells:

 Spells                   Type           Power      Damage    Failure   Level
 Fulminant Prism          Conj/Hex       11%        3d9       14%         4
 Yara's Violent Unravell  Hex/Tmut       11%        3d6       36%         5
 Iron Shot                Conj/Erth      11%        9d3       91%         6


Dungeon Overview and Level Annotations

Branches:
Dungeon (1/1)

Altars:
Cheibriados
Dithmenos
Elyvilon
Gozag
Hepliaklqana
Kikubaaqudgha
Makhleb
Nemelex Xobeh
Okawaru
Qazlal
Ru
Sif Muna
Trog
Uskayaw
Vehumet
Wu Jian
Xom
Yredelemnul
Zin
The Shining One
Beogh
Jiyva
Lugonu

Shops:
D *[

Annotations:
D exclusions: 2 oklob plants and oklob sapling


Innate Abilities, Weirdness & Mutations

You have very sharp teeth.
Your uncanny sense of smell can sniff out nearby items.
Your experience applies equally to all skills.


Message History

Marking area around an oklob sapling and an oklob plant as unsafe for travelling.
Which direction?
You close the door.
There is an open door here.
As you open the door, it creaks loudly!
An oklob plant comes into view.
The oklob plant spits acid at you. The splash of acid hits you!!
Marking area around an oklob plant as unsafe for travelling.
Found a scale mail and a chain mail.
Press: ? - help, v - describe, . - travel
Here: an oklob plant The floor.
An oklob plant is nearby!
You close the door.
As you open the door, it creaks loudly! The oklob plant spits acid at you.
The splash of acid misses you. The oklob plant spits acid at you.
The splash of acid hits you!!
There is an open door here.
Casting: Freeze (safe; 1% risk of failure)
Confirm with . or Enter, or press ? or * to list all spells.
Casting: Frozen Ramparts (safe; 1% risk of failure)
Press: ? - help, Dir - look around, f - activate An open door.
The walls around you are covered in ice.
The wall freezes the oklob plant!
Casting: Frozen Ramparts (safe; 1% risk of failure)
Confirm with . or Enter, or press ? or * to list all spells.
A film of ice covers your body!
The wall freezes the oklob plant.
The wall freezes the oklob plant!
The wall freezes the oklob plant!
The oklob plant spits acid at you. The splash of acid hits you!
The wall freezes the oklob plant.
The oklob plant spits acid at you. The splash of acid hits you!!
Ouch! That really hurt!
You die...

###################
#<..P#....÷#.....#.
#PP.÷'.....'.#([.'.
#PPPP#.....#.#...#.
###############+##.
#...♣........'...#.
#......♣.....#...##
#.....♣..♣..######
##@####'######P∆
#[.#....+......
#P[#..###P...P.
####### #####


You could see an oklob plant.

Vanquished Creatures
  A queen bee (D)
  A burning bush (D)
  2 scorpions (D)
  4 killer bees (D)
  4 oklob saplings (D)
  2 spriggans (D)
  A river rat (D)
  A rat (D)
16 creatures vanquished.

Notes
Turn   | Place    | Note
-------+----------+-------------------------------------------
     0 | D        | greenreed the Gnoll Ice Elementalist began the quest for
                  | the Orb.
     0 | D        | Reached XP level 1. HP: 13/13 MP: 6/6
    13 | D        | Reached skill level 1 in Fighting
    13 | D        | Reached skill level 1 in Short Blades
    13 | D        | Reached skill level 1 in Long Blades
    13 | D        | Reached skill level 1 in Axes
    13 | D        | Reached skill level 1 in Maces & Flails
    13 | D        | Reached skill level 1 in Polearms
    13 | D        | Reached skill level 1 in Staves
    13 | D        | Reached skill level 1 in Slings
    13 | D        | Reached skill level 1 in Bows
    13 | D        | Reached skill level 1 in Crossbows
    13 | D        | Reached skill level 1 in Throwing
    13 | D        | Reached skill level 1 in Armour
    13 | D        | Reached skill level 1 in Shields
    13 | D        | Reached skill level 1 in Unarmed Combat
    13 | D        | Reached skill level 5 in Spellcasting
    13 | D        | Reached skill level 1 in Invocations
    13 | D        | Reached skill level 1 in Evocations
    13 | D        | Reached XP level 2. HP: 7/21 MP: 2/8
   216 | D        | Reached skill level 1 in Conjurations
   216 | D        | Reached skill level 1 in Hexes
   216 | D        | Reached skill level 1 in Summonings
   216 | D        | Reached skill level 1 in Necromancy
   216 | D        | Reached skill level 1 in Translocations
   216 | D        | Reached skill level 1 in Transmutations
   216 | D        | Reached skill level 1 in Fire Magic
   216 | D        | Reached skill level 1 in Air Magic
   216 | D        | Reached skill level 1 in Earth Magic
   216 | D        | Reached skill level 1 in Poison Magic
   227 | D        | Noticed an oklob sapling
   229 | D        | Killed an oklob sapling
   230 | D        | Reached skill level 5 in Dodging
   230 | D        | Reached XP level 3. HP: 13/27 MP: 7/9
   384 | D        | Noticed a scorpion
   384 | D        | Found the amulet of invisibility {+Inv}
   388 | D        | Killed a scorpion
   389 | D        | Reached skill level 5 in Stealth
   389 | D        | Reached XP level 4. HP: 34/34 MP: 6/11
   443 | D        | Learned a level 3 spell: Frozen Ramparts
   447 | D        | Learned a level 3 spell: Ozocubu's Armour
   447 | D        | Found an opulent altar of Gozag.
   447 | D        | Found a hazy altar of Hepliaklqana.
   447 | D        | Found a burning altar of Makhleb.
   447 | D        | Found a sparkling altar of Nemelex Xobeh.
   447 | D        | Found a snail-covered altar of Cheibriados.
   447 | D        | Found a sacrificial altar of Ru.
   447 | D        | Found a shimmering blue altar of Sif Muna.
   447 | D        | Found a shimmering altar of Xom.
   447 | D        | Found a basalt altar of Yredelemnul.
   448 | D        | Found a viscous altar of Jiyva.
   448 | D        | Found a bloodstained altar of Trog.
   448 | D        | Found an ornate altar of the Wu Jian Council.
   448 | D        | Noticed an oklob sapling priest
   457 | D        | Reached XP level 5. HP: 30/41 MP: 10/13
   544 | D        | Noticed a queen bee
   563 | D        | Learned a level 4 spell: Hailstorm
   564 | D        | Found an iron altar of Okawaru.
   564 | D        | Found a shadowy altar of Dithmenos.
   564 | D        | Found a glowing silver altar of Zin.
   565 | D        | Found an ancient bone altar of Kikubaaqudgha.
   565 | D        | Found a hide-covered altar of Uskayaw.
   566 | D        | Found a stormy altar of Qazlal.
   566 | D        | Found a white marble altar of Elyvilon.
   566 | D        | Found a glowing golden altar of the Shining One.
   567 | D        | Found a corrupted altar of Lugonu.
   567 | D        | Found a radiant altar of Vehumet.
   583 | D        | Became a worshipper of Sif Muna the Loreminder
   767 | D        | Reached XP level 6. HP: 48/48 MP: 7/15
   767 | D        | Reached * piety under Sif Muna
   838 | D        | Found Jesipisi's Antique Armour Shop.
   838 | D        | Found Nuvanton's Assorted Antiques.
   847 | D        | Noticed a burning bush
   847 | D        | Noticed a wandering mushroom
   894 | D        | Reached ** piety under Sif Muna
   895 | D        | Reached skill level 5 in Invocations
   896 | D        | Reached skill level 5 in Fighting
   896 | D        | Reached skill level 5 in Short Blades
   896 | D        | Reached skill level 5 in Long Blades
   896 | D        | Reached skill level 5 in Axes
   896 | D        | Reached skill level 5 in Maces & Flails
   896 | D        | Reached skill level 5 in Polearms
   896 | D        | Reached skill level 5 in Staves
   896 | D        | Reached skill level 5 in Slings
   896 | D        | Reached skill level 5 in Bows
   896 | D        | Reached skill level 5 in Crossbows
   896 | D        | Reached skill level 5 in Throwing
   896 | D        | Reached skill level 5 in Armour
   896 | D        | Reached skill level 5 in Shields
   896 | D        | Reached skill level 5 in Unarmed Combat
   896 | D        | Reached skill level 5 in Evocations
   896 | D        | Reached XP level 7. HP: 36/56 MP: 10/17
   900 | D        | Killed a queen bee
  1108 | D        | Noticed a burning bush
  1118 | D        | Killed a burning bush
  1118 | D        | Reached *** piety under Sif Muna
  1119 | D        | Reached skill level 5 in Conjurations
  1119 | D        | Reached skill level 5 in Hexes
  1119 | D        | Reached skill level 5 in Summonings
  1119 | D        | Reached skill level 5 in Necromancy
  1119 | D        | Reached skill level 5 in Translocations
  1119 | D        | Reached skill level 5 in Transmutations
  1119 | D        | Reached skill level 5 in Fire Magic
  1119 | D        | Reached skill level 5 in Air Magic
  1119 | D        | Reached skill level 5 in Earth Magic
  1119 | D        | Reached skill level 5 in Poison Magic
  1119 | D        | Reached XP level 8. HP: 54/64 MP: 13/20
  1121 | D        | Got Nossish's Reference Book on Mutagenic Combat Magic
  1131 | D        | Noticed a burning bush
  1131 | D        | Noticed an oklob plant
  1173 | D        | Noticed an oklob plant
  1269 | D        | Killed from afar by an oklob plant

Illustrated notes

Levels and vault maps discovered:
D:        dungeon_sprint_fedhas [sprint_temple]

Skill      XL: |  1  2  3  4  5  6  7 |
---------------+----------------------+-----
Fighting       | 1 2 3 4 5 6 |  6.1
Short Blades   | 1 2 3 4 5 6 |  6.1
Long Blades    | 1 2 3 4 5 6 |  6.1
Axes           | 1 2 3 4 5 6 |  6.1
Maces & Flails | 1 2 3 4 5 6 |  6.1
Polearms       | 1 2 3 4 5 6 |  6.1
Staves         | 1 2 3 4 5 6 |  6.1
Slings         | 1 2 3 4 5 6 |  6.1
Bows           | 1 2 3 4 5 6 |  6.1
Crossbows      | 1 2 3 4 5 6 |  6.1
Throwing       | 1 2 3 4 5 6 |  6.1
Armour         | 1 2 3 4 5 6 |  6.1
Shields        | 1 2 3 4 5 6 |  6.1
Unarmed Combat | 1 2 3 4 5 6 |  6.1
Spellcasting   | 5 6 7 8 |  8.0
Invocations    | 1 2 3 4 5 6 |  6.7
Evocations     | 1 2 3 4 5 6 |  6.1
Conjurations   | 1 2 3 4 5 |  5.0
Hexes          | 1 2 3 4 5 |  5.0
Summonings     | 1 2 3 4 5 |  5.0
Necromancy     | 1 2 3 4 5 |  5.0
Translocations | 1 2 3 4 5 |  5.0
Transmutations | 1 2 3 4 5 |  5.0
Fire Magic     | 1 2 3 4 5 |  5.0
Air Magic      | 1 2 3 4 5 |  5.0
Earth Magic    | 1 2 3 4 5 |  5.0
Poison Magic   | 1 2 3 4 5 |  5.0
Dodging        | 5 6 7 |  7.7
Stealth        | 5 6 7 |  7.5
Ice Magic      | 8 |  8.8

Action                   |  1- 3 |  4- 6 |  7- 9 || total
-------------------------+-------+-------+-------++-------
Melee: Rapier            |       |     2 |     5 ||     7
       Unarmed           |       |     2 |       ||     2
       Punch             |       |       |     1 ||     1
 Cast: Freeze            |     9 |    10 |     5 ||    24
       Frozen Ramparts   |       |     2 |     3 ||     5
       Ozocubu's Armour  |       |     2 |     2 ||     4
Armor: Robe              |     3 |     1 |     1 ||     5
Dodge: Dodged            |     2 |     4 |     3 ||     9

Table legend: (Time is in decaauts)
 A = Elapsed time spent in this place.
 B = Non-inter-level travel time spent in this place.
 C = Inter-level travel time spent in this place.
 D = Time resting spent in this place.
 E = Time spent auto-exploring this place.
 F = Levels seen in this place.
 G = Mean time per level.
                   A        B        C        D        E       F      G
               +--------+--------+--------+--------+--------+-----+--------+
         Total |   1267 |   1265 |      2 |      0 |    840 |   1 | 1267.0 |
       Dungeon |   1267 |   1265 |      2 |      0 |    840 |   1 | 1267.0 |
               +--------+--------+--------+--------+--------+-----+--------+

Top non-repeatable levels by time:
       D: 1267 daAuts
